 Dungeon Crawl Stone Soup version 0.29-a0-317-gd16b76e6b1 (webtiles) character file.

Game seed: 5762771849510458167

114 Dabor the Covered (level 4, -11/29 HPs)
             Began as a Gargoyle Fighter on Mar 30, 2022.
             Was a Follower of Cheibriados.
             Mangled by a wight
             ... wielding a +1 morningstar of distortion
              (15 damage)
             ... on level 3 of the Dungeon.
             The game lasted 00:02:43 (1972 turns).

Dabor the Covered (Gargoyle Fighter)                Turns: 1972, Time: 00:02:43

Health: -11/29     AC: 13    Str: 22 (23) XL:     4   Next: 97%
Magic:  4/4        EV:  9    Int:  8 (11) God:    Cheibriados [*.....]
Gold:   134        SH:  4    Dex: 10 (11) Spells: 3/3 levels left

rFire   + + .      SeeInvis .   q - +1 long sword (venom)
rCold   + . .      Faith    .   c - +0 buckler
rNeg    + + .      Spirit   .   b - +0 scale mail
rPois   ∞          Reflect  .   (no helmet)
rElec   +          Harm     .   (no cloak)
rCorr   +          Rampage  .   (no gloves)
Will    .....                   p - +2 pair of boots "Nabbyimp" {*Slow rF+ rN+ Regen+}
Stlth   ..........              (no amulet)
HPRegen 0.89/turn               (no ring)
MPRegen 0.09/turn               (no ring)

@: mighty, resistant, attractive, very slow
A: sickness immunity, AC +3, negative energy resistance 1, electricity
resistance, torment resistance 1, petrification resistance
a: Renounce Religion, Bend Time


You were on level 3 of the Dungeon.
You worshipped Cheibriados.
Cheibriados was aware of your devotion.
You visited 1 branch of the dungeon, and saw 3 of its levels.

You collected 134 gold pieces.

Inventory:

Hand Weapons
 a - a +0 flail
 q - a +1 long sword of venom (weapon)
Armour
 b - a +0 scale mail (worn)
 c - a +0 buckler (worn)
 p - the +2 pair of boots "Nabbyimp" (worn) {*Slow rF+ rN+ Regen+}
   (You found it on level 2 of the Dungeon)

   rF:        It protects you from fire.
   rN:        It protects you from negative energy.
   Regen:     It increases your rate of health regeneration.
   *Slow:     It may slow you when you take damage.
Jewellery
 r - an amulet of regeneration
Scrolls
 f - 3 scrolls of teleportation {unknown}
 g - a scroll of identify {unknown}
 i - a scroll of magic mapping {unknown}
 j - a scroll of silence {unknown}
 l - 3 scrolls of noise {unknown}
 n - a scroll of brand weapon {unknown}
 s - a scroll of acquirement {unknown}


   Skills:
 + Level 4.0 Fighting
 + Level 2.8 Maces & Flails
 + Level 4.0 Armour
 + Level 1.0 Dodging
 + Level 4.0 Shields


You had 3 spell levels left.
You didn't know any spells.
Your spell library was empty.

Dungeon Overview and Level Annotations

Branches:
Dungeon (3/15)

Altars:
Cheibriados


Innate Abilities, Weirdness & Mutations

You are immune to sickness and miasma.
Your stone body is resilient. (AC +3)
You are immune to poison.
You resist negative energy. (rN+)
You are resistant to electric shocks. (rElec)
You are resistant to unholy torment.
You are immune to petrification.


Message History

It was a potion of cancellation.
You feel magically purged. You block the wight's attack.
It was a potion of attraction.
You feel attractive to monsters.
The wight hits you from afar with a +7 halberd!!
Ouch! That really hurt!
The wight is attracted toward you. x3
It was a potion of resistance.
You feel protected. The wight closely misses you.
You feel better. You block the wight's attack.
Okay, then.
It was a potion of degeneration.
There was something very wrong with that liquid.
You feel weakened.
You feel dopey.
You feel clumsy. The wight hits you with a +7 halberd!
You feel better. The wight barely misses you.
You feel very mighty all of a sudden. The wight hits you with a +7 halberd.
You slash the wight!
The wight is heavily damaged.
The wight hits you with a +7 halberd!
* * * LOW HITPOINT WARNING * * *
You feel better. The wight hits you with a +7 halberd!
* * * LOW HITPOINT WARNING * * *
You feel better. The wight barely misses you.
You slash the wight!
The wight is almost destroyed.
The wight hits you with a +7 halberd. You block the wight's attack.
You closely miss the wight.
The wight is almost destroyed.
The wight barely misses you.
You hit the wight.
You destroy the wight!
Cheibriados appreciates the change of pace.
The wight hits you with a +1 morningstar of distortion!
* * * LOW HITPOINT WARNING * * *
Space warps horribly around you!
Ouch! That really hurt!
You die...

##########
########........#######
................@zz..>#
###....#........#####.#
#....#........# ...
..#....#........# ##z#
..#....########## z..
..#....# #.# ..#....#
... . #....# ##
###....#


You could see 2 wights.

Vanquished Creatures
  A wight (D:3)
  An orc wizard (D:3)
  3 adders
  A worm (D:2)
  3 dart slugs
  2 orcs (D:3)
  3 endoplasms
  A giant cockroach (D:2)
  8 hobgoblins
  2 quokkas (D:2)
  8 ball pythons
  5 bats
  4 frilled lizards
  7 goblins
  A kobold (D:1)
  2 rats
52 creatures vanquished.

Notes
Turn   | Place    | Note
-------+----------+-------------------------------------------
     0 | D:1      | Dabor the Gargoyle Fighter began the quest for the Orb.
     0 | D:1      | Reached XP level 1. HP: 14/14 MP: 1/1
   211 | D:1      | Reached XP level 2. HP: 19/19 MP: 2/2
   610 | D:2      | Reached XP level 3. HP: 19/23 MP: 3/3
   967 | D:2      | Identified the +2 pair of boots "Nabbyimp" {*Slow rF+ rN+
                  | Regen+}
  1343 | D:2      | Reached XP level 4. HP: 24/29 MP: 4/4
  1765 | D:3      | Found a faded altar of an unknown god.
  1850 | D:3      | Prayed at the altar of an unknown god.
  1850 | D:3      | Became a worshipper of Cheibriados the Contemplative
  1850 | D:3      | Reached * piety under Cheibriados
  1900 | D:3      | Reached skill level 1 in Dodging
  1972 | D:3      | Mangled by a wight

Illustrated notes

Levels and vault maps discovered:
D:1:      minmay_arrival_nine_rooms, layout_rooms
D:2:      minmay_angry_zag, layout_basic, minmay_tromino_i2
D:3:      layout_basic, gammafunk_temple_overflow_elements,
          chequers_ecumenical_altar_island

Skill      XL: |  1  2  3  4 |
---------------+-------------+-----
Fighting       | 4 |  4.0
Armour         | 4 |  4.0
Shields        | 4 |  4.0
Dodging        | 1 |  1.0
Maces & Flails | |  2.8

Action                   |  1- 3 |  4- 6 || total
-------------------------+-------+-------++-------
Melee: Flail             |   116 |    21 ||   137
       Long sword        |       |    41 ||    41
  Use: Potion            |       |    10 ||    10
Armor: Scale mail        |    62 |    28 ||    90
Dodge: Dodged            |    57 |    35 ||    92
Block: Buckler           |    26 |    26 ||    52

Table legend: (Time is in decaauts)
 A = Elapsed time spent in this place.
 B = Non-inter-level travel time spent in this place.
 C = Inter-level travel time spent in this place.
 D = Time resting spent in this place.
 E = Time spent auto-exploring this place.
 F = Levels seen in this place.
 G = Mean time per level.
                   A        B        C        D        E       F      G
               +--------+--------+--------+--------+--------+-----+--------+
         Total |   2074 |   1947 |    127 |      0 |   1450 |   3 |  691.3 |
       Dungeon |   2074 |   1947 |    127 |      0 |   1450 |   3 |  691.3 |
               +--------+--------+--------+--------+--------+-----+--------+

Top non-repeatable levels by time:
     D:2: 1194 daAuts
     D:1: 527 daAuts
     D:3: 352 daAuts
